Get step-by-step instructions on how to execute this build order below. Start the game timer, and the build order will tick by so you can play in parallel with StarCraft on a second screen or mobile device.

Game Time

  0:00

Last Step

  N/A

Next Step

Upcoming Step



Don't want to look back and forth between 2 screens? Try out our Overwolf App, the Spawning Tool Build Advisor to get an in-game overlay with this build!

Complete Build Order

  12  0:00  Probe  
  13  0:12  Probe  
  14  0:18  Pylon  
  14  0:24  Probe  
  15  0:36  Probe (Chrono Boost)  
  15  0:40  Gateway  
  16  0:48  Probe (Chrono Boost)  
  17  0:50  Assimilator  
  17  0:54  Probe (Chrono Boost)  
  18  1:04  Probe  
  19  1:16  Probe  
  20  1:28  Nexus  
  20  1:37  Cybernetics Core  
  20  1:41  Probe  
  20  1:47  Assimilator  
  21  1:53  Probe  
  22  2:00  Pylon  
  22  2:05  Probe  
  23  2:15  Adept (Chrono Boost)  
  23  2:20  Stargate, Probe  
  26  2:29  Warp Gate  
  26  2:34  Probe (Chrono Boost)  
  26  2:35  Adept (Chrono Boost)  
  27  2:40  Probe (Chrono Boost)  
  31  2:49  Probe x2 (Chrono Boost)  
  32  2:54  Probe (Chrono Boost)  
  32  2:56  Probe  
  32  2:57  Adept  
  36  3:05  Oracle (Chrono Boost)  
  36  3:06  Probe  
  36  3:09  Probe  
  41  3:17  Gateway  
  41  3:19  Probe  
  42  3:20  Pylon  
  42  3:21  Probe  
  43  3:32  Probe  
  43  3:33  Probe  
  45  3:36  Oracle (Chrono Boost)  
  48  3:44  Probe  
  49  3:50  Nexus  
  49  3:54  Pylon  
  49  3:55  Probe  
  49  3:57  Probe  
  51  4:03  Oracle (Chrono Boost)  
  54  4:12  Probe x2  
  54  4:13  Pylon  
  56  4:17  Adept x2  
  56  4:21  Assimilator  
  56  4:24  Probe x2  
  62  4:36  Probe x2  
  57  4:43  Adept  
  57  4:44  Adept  
  61  4:48  Gateway, Probe  
  61  4:49  Probe  
  61  4:50  Gateway  
  61  4:51  Twilight Council  
  63  5:00  Probe  
  63  5:01  Probe  
  63  5:06  Probe  
  64  5:07  Stalker x2  
  64  5:12  Probe  
  64  5:13  Probe  
  70  5:18  Probe  
  69  5:22  Blink (Chrono Boost), Shield Battery  
  69  5:24  Probe  
  69  5:25  Probe  
  71  5:30  Stalker x2  
  71  5:32  Probe  
  76  5:36  Probe  
  76  5:38  Probe  
  76  5:42  Forge  
  78  5:43  Assimilator  
  78  5:44  Probe  
  78  5:49  Probe, Stalker x2  
  84  5:50  Probe  
  85  5:58  Pylon  
  85  5:59  Pylon  
  85  6:01  Pylon  
  85  6:05  Probe x2  
  85  6:07  Protoss Ground Weapons Level 1 (Chrono Boost)  
  85  6:08  Stalker  
  85  6:14  Assimilator  
  85  6:16  Probe  
  85  6:18  Assimilator, Stalker x3  
  92  6:20  Photon Cannon, Probe x2  
  94  6:28  Probe  
  94  6:32  Probe, Stalker  
  98  6:33  Probe  
  99  6:43  Templar Archives  
  99  6:44  Stalker  
  100  6:51  Stalker  
  102  6:54  Nexus  
  102  6:55  Pylon  
  102  6:57  Psionic Storm  
  102  7:05  Pylon  
  102  7:07  Charge (Chrono Boost)  
  102  7:08  Gateway  
  102  7:09  Gateway  
  102  7:11  Probe x2  
  102  7:12  Probe  
  102  7:13  Gateway  
  102  7:15  Photon Cannon  
  105  7:16  Shield Battery  
  105  7:20  Gateway  
  105  7:24  High Templar x2  
  105  7:25  Probe  
  105  7:27  Photon Cannon  
  105  7:28  Shield Battery  
  110  7:32  High Templar  
  110  7:33  Pylon  
  110  7:35  Photon Cannon  
  112  7:37  Probe x3  
  115  7:44  Photon Cannon  
  115  7:45  High Templar  
  115  7:46  Shield Battery  
  115  7:51  Photon Cannon, Probe x2  
  118  7:52  Photon Cannon, Probe  
  118  7:57  Photon Cannon  
  120  7:59  Shield Battery  
  120  8:00  Phoenix (Chrono Boost)  
  120  8:05  Probe  
  123  8:09  High Templar x2  
  123  8:10  Probe  
  128  8:15  Archon  
  128  8:17  Assimilator  
  128  8:19  Assimilator  
  128  8:21  Photon Cannon  
  128  8:24  Shield Battery  
  128  8:25  Probe  
  129  8:28  Protoss Ground Weapons Level 2 (Chrono Boost)  
  129  8:29  Photon Cannon  
  129  8:30  Photon Cannon  
  129  8:32  High Templar x2, Photon Cannon, Shield Battery  
  133  8:34  Photon Cannon  
  133  8:45  Forge, Pylon  
  133  8:48  Robotics Facility  
  133  8:49  Archon, Probe x2  
  133  8:51  Probe  
  133  8:52  High Templar  
  138  8:56  Probe  
  138  8:59  Zealot x4  
  147  9:08  High Templar x2  
  151  9:13  Archon  
  151  9:14  Probe x2, Pylon  
  151  9:15  Pylon  
  153  9:17  Photon Cannon  
  153  9:18  Photon Cannon  
  153  9:19  Shield Battery  
  153  9:21  Gateway  
  153  9:23  Gateway  
  153  9:25  Protoss Shields Level 1 (Chrono Boost)  
  153  9:26  Gateway, High Templar  
  153  9:29  Gateway  
  155  9:35  High Templar x2, Photon Cannon  
  159  9:41  Observer (Chrono Boost)  
  159  9:42  Archon  
  160  9:56  High Templar  
  160  9:57  High Templar  
  164  10:00  Immortal (Chrono Boost)  
  164  10:02  Archon  
  164  10:05  Nexus  
  164  10:07  Robotics Facility  
  159  10:08  Pylon  
  159  10:14  Zealot x6  
  167  10:29  Observer (Chrono Boost)  
  167  10:33  Zealot x2  
  172  10:36  Zealot x4  
  176  10:49  Immortal (Chrono Boost)  
  152  10:53  Zealot x7  
  152  10:55  Immortal (Chrono Boost), Probe x2  
  166  11:02  High Templar x2  
  166  11:03  Protoss Ground Armor Level 1 (Chrono Boost)  
  170  11:11  Nexus  
  170  11:12  Gateway x2, Protoss Air Weapons Level 1  
  170  11:13  Pylon  
  170  11:14  High Templar x2, Pylon  
  170  11:16  High Templar  
  170  11:17  High Templar x2  
  180  11:19  Archon  
  180  11:21  Archon  
  180  11:26  Pylon  
  180  11:28  Immortal (Chrono Boost)  
  180  11:31  Pylon  
  180  11:32  Immortal (Chrono Boost), Pylon  
  184  11:33  Photon Cannon  
  184  11:34  High Templar, Photon Cannon  
  184  11:36  Photon Cannon  
  184  11:38  Shield Battery  
  190  11:40  High Templar x2, Archon, Shield Battery  
  190  11:41  Pylon  
  190  11:45  Archon  
  194  11:53  Protoss Shields Level 2 (Chrono Boost)  
  184  12:01  Warp Prism  
  184  12:03  High Templar x2  
  184  12:05  Zealot x5  
  200  12:09  Archon  
  200  12:15  Zealot x3  
  200  12:17  Probe x2  
  196  12:29  Zealot x4  
  196  12:52  Stargate  
  196  12:54  Stargate, Immortal x2 (Chrono Boost)  
  190  13:01  High Templar x2  
  190  13:02  High Templar x2  
  190  13:03  Zealot x6  
  194  13:10  Archon  
  194  13:24  Zealot x5  
  200  13:30  Fleet Beacon  
  182  13:43  Immortal x2 (Chrono Boost)  
  182  13:51  Zealot x11  
  200  13:58  Stargate  
  198  14:03  Probe  
  199  14:19  Protoss Air Weapons Level 2 (Chrono Boost)  
  199  14:34  Assimilator  
  199  14:35  Assimilator  
  199  14:46  Nexus, Protoss Ground Weapons Level 3 (Chrono Boost)  
  199  14:47  Pylon  
  199  14:54  Observer  
  199  14:55  Protoss Shields Level 3 (Chrono Boost)  
  199  14:57  Stargate  
  199  15:01  Shield Battery  
  199  15:03  Shield Battery  
  199  15:06  Photon Cannon  
  197  15:08  Photon Cannon  
  197  15:10  Pylon  
  195  15:28  Carrier (Chrono Boost)  
  195  15:30  Carrier (Chrono Boost)  
  195  15:31  Carrier x2 (Chrono Boost)  
  199  15:50  Photon Cannon  
  199  15:52  Photon Cannon  
  199  15:54  Photon Cannon  
  199  15:55  Photon Cannon  
  195  15:59  Shield Battery  
  195  16:01  Shield Battery  
  195  16:02  Assimilator  
  195  16:07  Carrier (Chrono Boost)  
  191  16:15  Assimilator  
  191  16:18  Pylon  
  191  16:20  Carrier (Chrono Boost)  
  197  16:31  Photon Cannon  
  197  16:33  Photon Cannon  
  197  16:34  Shield Battery  
  197  16:36  Cybernetics Core, Shield Battery  
  197  16:38  Protoss Air Weapons Level 3 (Chrono Boost), Pylon  
  197  16:40  Pylon  
  196  17:15  Carrier (Chrono Boost)  
  194  17:30  Nexus  
  194  17:32  Pylon  
  194  17:41  Carrier  
  195  18:03  Protoss Air Armor Level 1 (Chrono Boost)  
  195  18:05  Carrier  
  189  18:14  Nexus, Photon Cannon  
  189  18:15  Photon Cannon  
  189  18:17  Photon Cannon  
  189  18:18  Shield Battery  
  189  18:27  Mothership (Chrono Boost)  
  195  18:36  Protoss Ground Armor Level 2  
  195  18:50  Observer  
  195  18:54  High Templar x2  
  199  19:05  Pylon  
  199  19:07  Pylon  
  199  19:10  Pylon  
  199  19:16  Assimilator  
  181  20:11  Zealot x10  
  199  20:23  Assimilator  
  199  20:27  Stargate x2  
  199  20:32  Stargate  
  195  20:44  High Templar x2  
  199  20:50  Pylon  
  199  20:51  Pylon  
  183  21:12  Assimilator  
  183  21:14  Tempest x2 (Chrono Boost), Assimilator  
  183  21:15  Tempest (Chrono Boost)  
  183  21:16  Observer x2 (Chrono Boost)  
  183  21:17  Photon Cannon  
  200  21:19  Photon Cannon  
  200  21:21  Photon Cannon  
  200  21:23  Photon Cannon  
  200  21:25  Photon Cannon x2  
  200  21:26  Photon Cannon  
  200  21:27  Photon Cannon  
  200  21:28  Photon Cannon  
  200  21:29  Photon Cannon  
  200  21:30  Shield Battery  
  200  21:32  Photon Cannon  
  200  21:33  Photon Cannon  
  200  21:35  Photon Cannon  
  200  21:36  Protoss Ground Armor Level 3 (Chrono Boost)  
  200  21:37  Pylon  
  200  21:39  Photon Cannon  
  197  21:41  Shield Battery  
  197  21:42  Photon Cannon  
  197  21:44  Shield Battery  
  197  21:46  Shield Battery  
  193  21:48  Shield Battery  
  197  22:06  Void Ray  
  197  22:07  Protoss Air Armor Level 2 (Chrono Boost)  
  197  22:10  Pylon  
  197  22:14  Pylon  
  197  22:21  Observer  
  197  22:35  Observer  
  197  22:39  Pylon  
  197  22:56  Pylon  
  197  23:12  Gateway  
  197  23:14  Gateway  
  197  23:16  Gateway  
  197  23:17  Observer  
  197  23:18  Gateway  
  197  23:24  Gateway  
  197  23:25  Gateway  
  195  23:27  Gateway  
  195  23:29  Gateway  
  195  23:31  Gateway  
  195  23:34  Gateway, High Templar x2  
  195  23:39  Shield Battery  
  199  23:41  Shield Battery  
  199  23:43  Shield Battery  
  199  23:45  Shield Battery  
  199  23:46  Shield Battery  
  199  23:48  Shield Battery  
  195  23:58  Nexus  
  195  23:59  Pylon  
  178  24:40  Zealot x6  
  178  24:41  Zealot x6  
  191  24:53  Shield Battery  
  191  24:55  Shield Battery  
  191  24:57  Stalker x4  
  191  24:59  Shield Battery  
  199  25:04  Pylon  
  199  25:05  Stalker x4  
  199  25:06  Stalker x3  
  173  25:21  Stalker x4  
  173  25:22  Stalker x4  
  168  25:30  Zealot x14  
  190  25:37  Unknown